 Dungeon Crawl Stone Soup version 0.17.1-3-g152610e (webtiles) character file.

165 CrazyArbalest the Bolt Thrower (level 5, -10/45 HPs)
             Began as a Minotaur Hunter on Mar 16, 2016.
             Mangled by an ice beast (12 damage)
             ... on level 3 of the Dungeon.
             The game lasted 00:08:36 (2022 turns).

CrazyArbalest the Bolt Thrower (Minotaur Hunter)    Turns: 2022, Time: 00:08:36

Health: -10/45     AC:  7    Str: 17    XL:     5   Next: 21%
Magic:  4/4        EV: 11    Int:  8    God:
Gold:   111        SH:  0    Dex: 11    Spells: 0 memorised, 4 levels left

rFire  . . .     SeeInvis .     a - +0 mace
rCold  . . .     Clarity  .     h - +0 ring mail
rNeg   . . .     SustAt   .     (no shield)
rPois  .         Gourm    .     (helmet restricted)
rElec  .         Spirit   .     t - +0 cloak
rCorr  .         Warding  .     (no gloves)
rMut   +         Stasis   .     r - +0 pair of boots
MR     .....                    n - amulet of resist mutation
Stlth  +.........               (no ring)
                                (no ring)

@: not resistant to hostile enchantments, very unstealthy
A: retaliatory headbutt, horns 2
a: no special abilities


You were on level 3 of the Dungeon.
You were not hungry.

You visited 1 branch of the dungeon, and saw 3 of its levels.

You collected 111 gold pieces.

Inventory:

Hand Weapons
 a - a +0 mace (weapon)
 b - a +1 hand crossbow
 x - a cursed -1 whip
Missiles
 d - 31 bolts
Armour
 c - a +0 leather armour
 h - a +0 ring mail (worn)
 l - a cursed +0 ring mail
 r - a +0 pair of boots (worn)
 t - a +0 cloak (worn)
Jewellery
 j - an uncursed ring of fire {unknown}
 n - an amulet of resist mutation (around neck)
Scrolls
 g - 2 scrolls of identify {unknown}
 i - a scroll of blinking {unknown}
 k - 2 scrolls of immolation {unknown}
 m - a scroll of recharging {unknown}
 s - a scroll of fog {unknown}
Potions
 p - a potion of agility {unknown}
 q - a potion of brilliance {unknown}
 u - a potion of invisibility {unknown}
 w - a potion of haste {unknown}
Comestibles
 e - 2 bread rations
 f - 2 chunks of flesh
 o - a beef jerky
 v - a meat ration


   Skills:
 + Level 3.1 Fighting
 * Level 2.2 Maces & Flails
 * Level 5.6 Crossbows
 + Level 1.9 Armour
 + Level 3.0 Dodging
 + Level 1.2 Stealth


You had 4 spell levels left.
You didn't know any spells.

Dungeon Overview and Level Annotations

Branches:
Dungeon (3/15)

Altars:
Dithmenos
Ru
Vehumet


Innate Abilities, Weirdness & Mutations

You reflexively headbutt those who attack you in melee.
You have a pair of horns on your head.


Message History

You barely miss the ice beast.
The ice beast is severely wounded.
The ice beast hits you but does no damage.
You aren't carrying any items that can be evoked.
Unknown command.
Unknown command.
The ice beast hits you. The ice beast freezes you!
* * * LOW HITPOINT WARNING * * *
Drink which item? (? for menu, Esc to quit)
Okay, then.
Unknown command.
You barely miss the ice beast. You headbutt the ice beast!
The ice beast is almost dead.
The ice beast closely misses you.
You hit the ice beast but do no damage.
The ice beast is almost dead.
The ice beast hits you.
* * * LOW HITPOINT WARNING * * *
The ice beast freezes you!
You die...

#.#...# #.....#
#.#.#.####### #.#.........#
## #.#########.# ...
#...........# ....
#########.#.# .....
#.........#.##########......
#).............Y@.((.(((...>
....#<....#.#.##.####..!....
....#.....#.#.##.# ..#####
....#.#.#.#.#.##.# ..#
....#)#.....#.##.# ..#
#.###.#.....#.##.# ..#
#.###.##....#..#.. ..#
#>...........#.### .##
#####.##.###.#.#


You could see an ice beast.

Vanquished Creatures
  Crazy Yiuf (D:2)
  An orc wizard (D:2)
  4 adders
  An adder skeleton (D:3)
  A worm (D:2)
  A ball python (D:2)
  6 giant cockroaches
  9 goblins
  6 hobgoblins
  3 jackals (D:2)
  8 kobolds
  2 quokkas (D:2)
  6 bats
  4 giant geckos
  4 giant newts
  10 rats
67 creatures vanquished.

Vanquished Creatures (others)
  A giant newt (D:2)
1 creature vanquished.

Grand Total: 68 creatures vanquished

Notes
Turn   | Place    | Note
--------------------------------------------------------------
     0 | D:1      | CrazyArbalest the Minotaur Hunter began the quest for the Orb.
     0 | D:1      | Reached XP level 1. HP: 18/18 MP: 0/0
   273 | D:1      | Reached XP level 2. HP: 20/25 MP: 1/1
   507 | D:1      | Reached skill level 5 in Crossbows
   855 | D:1      | Reached XP level 3. HP: 27/30 MP: 2/2
   965 | D:2      | Found a radiant altar of Vehumet.
  1055 | D:2      | Reached skill level 1 in Maces & Flails
  1055 | D:2      | Reached skill level 1 in Stealth
  1272 | D:2      | Noticed Crazy Yiuf
  1278 | D:2      | Killed Crazy Yiuf
  1278 | D:2      | Reached skill level 1 in Armour
  1278 | D:2      | Reached XP level 4. HP: 23/37 MP: 3/3
  1344 | D:2      | Found a sacrificial altar of Ru.
  1382 | D:2      | Found a faded altar to an unknown god.
  1680 | D:2      | Reached XP level 5. HP: 45/45 MP: 4/4
  1837 | D:3      | Found a shadowy altar of Dithmenos.
  1987 | D:3      | Noticed an ice beast
  2009 | D:3      | HP: 2/45 [ice beast (14)]
  2022 | D:3      | HP: 2/45 [ice beast (2)]
  2022 | D:3      | Mangled by an ice beast

Action                   |  1- 3 |  4- 6 || total
-------------------------+-------+-------++-------
Melee: Club              |   115 |       ||   115
       Mace              |       |    72 ||    72
 Fire: Hand crossbow     |    11 |     5 ||    16
 Stab: Paralysed         |       |     1 ||     1
  Eat: Chunk             |     1 |     3 ||     4
